Map: Polka LE

Players

Ishtar - Winner!

  • Race: Zerg Zerg
  • League: Diamond
  • Spawn Location: 11:00

NastyNoob - Winner!

  • Race: Zerg Zerg
  • League: Diamond
  • Spawn Location: 11:00

Massa

  • Race: Terran Terran
  • League: Platinum
  • Spawn Location: 5:00

qqq

  • Race: Zerg Zerg
  • League: Platinum
  • Spawn Location: 5:00

VOD

Have the link to the VOD?

Description

Time

  • Played on: Nov. 27, 2020, 4:16 p.m.
  • Length: 21:31
Show
View Real Time Build Order
Export as new Build Order

Ishtar Zerg - Winner!

Build Orders: Hatch First 

Get SALT Encoding   

  12  0:00  Drone  
  13  0:12  Overlord  
  13  0:16  Drone  
  14  0:30  Drone x2  
  16  0:52  Hatchery  
  15  1:04  Spawning Pool  
  15  1:09  Drone  
  15  1:10  Extractor  
  14  1:12  Drone  
  14  1:17  Drone  
  16  1:22  Drone  
  17  1:32  Drone  
  18  1:46  Drone  
  19  1:51  Queen  
  21  1:56  Zergling x2  
  22  2:07  Drone  
  23  2:08  Queen  
  23  2:09  Drone  
  26  2:31  Drone x2  
  26  2:32  Overlord x2  
  26  2:35  Metabolic Boost  
  28  2:55  Drone x3  
  28  2:56  Drone  
  32  3:01  Lair  
  32  3:04  Drone x5  
  32  3:05  Extractor  
  36  3:09  Extractor  
  36  3:12  Extractor  
  34  3:16  Drone x2  
  36  3:31  Overlord x2  
  36  3:50  Drone  
  36  3:51  Drone x4, Overlord  
  36  3:52  Drone  
  42  3:59  Queen  
  44  4:10  Drone x2, Spire  
  44  4:11  Drone  
  46  4:18  Drone x3  
  46  4:22  Overlord  
  49  4:28  Drone x2  
  49  4:29  Drone  
  49  4:30  Drone  
  53  4:34  Overlord  
  53  4:51  Spine Crawler  
  52  4:54  Spine Crawler  
  52  4:56  Spine Crawler  
  52  4:57  Spine Crawler  
  49  5:05  Zergling x4  
  49  5:06  Zergling x12  
  57  5:11  Spine Crawler  
  56  5:24  Mutalisk x2  
  56  5:27  Mutalisk  
  60  5:34  Mutalisk x4  
  63  5:39  Mutalisk  
  56  5:52  Mutalisk x2  
  56  5:57  Queen  
  60  5:58  Queen  
  64  6:11  Mutalisk x2  
  64  6:12  Mutalisk x2  
  72  6:27  Zerg Flyer Weapons Level 1  
  72  6:32  Queen  
  72  6:39  Drone x2  
  76  6:41  Overlord  
  76  6:43  Overlord  
  76  6:47  Hatchery  
  75  6:58  Drone  
  75  6:59  Overlord x3  
  76  7:20  Mutalisk x6  
  82  7:40  Drone x4  
  82  7:46  Mutalisk  
  84  8:00  Baneling Nest  
  84  8:01  Evolution Chamber  
  78  8:24  Mutalisk x5  
  78  8:25  Mutalisk x2, Zergling x2  
  78  8:26  Zergling x8  
  93  8:27  Drone  
  93  8:28  Drone x2  
  93  8:30  Extractor  
  93  8:31  Queen  
  93  8:32  Extractor  
  93  8:34  Zerg Melee Weapons Level 1  
  96  8:41  Evolution Chamber  
  87  8:51  Drone  
  87  8:52  Drone x6  
  92  9:00  Spine Crawler  
  92  9:01  Zergling x2  
  81  9:19  Mutalisk x6  
  92  9:34  Mutalisk x3  
  94  9:52  Mutalisk x2  
  92  9:53  Zergling x8  
  94  10:11  Zergling x6  
  71  10:30  Zergling x8  
  75  10:39  Drone  
  76  10:47  Drone x2  
  76  10:48  Drone x6  
  84  10:50  Zergling x4  
  84  10:52  Baneling  
  84  10:53  Baneling x5  
  84  10:54  Centrifical Hooks  
  84  10:55  Zerg Melee Weapons Level 2  
  84  10:56  Zerg Ground Armor Level 1  
  86  11:01  Mutalisk x2  
  90  11:27  Mutalisk x2  
  90  11:28  Mutalisk, Zergling x4  
  90  11:29  Zergling x4  
  91  11:42  Zergling x4  
  91  11:46  Zergling x10  
  91  11:47  Zergling x2  
  95  11:56  Drone x2  
  97  12:03  Mutalisk x2  
  97  12:04  Mutalisk  
  97  12:06  Hatchery  
  97  12:07  Baneling x2  
  97  12:08  Baneling x6  
  96  12:10  Pneumatized Carapace, Overseer  
  96  12:14  Hatchery  
  95  12:19  Zergling x6  
  95  12:24  Baneling  
  83  12:34  Mutalisk  
  83  12:35  Zergling x12  
  83  12:36  Zergling x4  
  88  12:42  Zergling x6  
  89  12:46  Baneling x6  
  89  12:57  Drone x5  
  89  12:58  Zergling x4, Overlord  
  94  12:59  Zergling x4  
  94  13:02  Baneling x2  
  94  13:03  Baneling x7  
  94  13:04  Baneling x7  
  94  13:05  Baneling x5  
  98  13:06  Zerg Ground Armor Level 2  
  98  13:10  Mutalisk x4  
  103  13:21  Mutalisk  
  103  13:22  Mutalisk x5  
  98  13:37  Zergling x8  
  98  13:38  Zergling x4  
  98  13:42  Zergling x6  
  98  13:43  Zergling x10  
  104  13:49  Drone  
  104  13:50  Queen  
  104  13:53  Zergling x8  
  107  13:58  Baneling  
  107  14:03  Zergling x8  
  107  14:04  Zergling x2  
  112  14:10  Baneling x5  
  112  14:11  Baneling x7  
  112  14:12  Baneling x2, Mutalisk x5  
  112  14:13  Mutalisk x2  
  126  14:30  Overseer  
  126  14:36  Overlord  
  126  14:37  Overlord x5  
  126  14:38  Overlord  
  93  15:00  Mutalisk  
  93  15:01  Zergling x14  
  93  15:02  Zergling x4  
  93  15:06  Drone x2  
  96  15:08  Drone x3  
  96  15:09  Drone  
  96  15:13  Mutalisk x2  
  96  15:14  Mutalisk x7  
  118  15:27  Mutalisk x2  
  122  15:29  Baneling  
  122  15:30  Baneling  
  122  15:33  Extractor  
  122  15:35  Extractor  
  120  15:36  Drone  
  120  15:39  Extractor  
  120  15:40  Extractor  
  119  15:52  Baneling x6  
  119  15:53  Baneling x5  
  117  16:29  Zergling x8  
  117  16:30  Zergling x14  
  117  16:31  Zergling x14  
  134  16:36  Zergling x2  
  135  16:43  Mutalisk x3  
  135  16:44  Mutalisk  
  133  17:12  Zergling x14  
  133  17:13  Zergling x8  
  137  17:20  Zerg Flyer Weapons Level 2  
  133  17:34  Zergling x2  
  133  17:35  Zergling x14  
  133  17:36  Zergling x6  
  120  18:09  Zergling x2  
  120  18:10  Zergling x14  
  120  18:11  Zergling x14  
  119  18:23  Queen  
  119  18:26  Spore Crawler  
  119  18:37  Zergling x10  
  119  18:38  Zergling x10  
  129  18:47  Drone  
  129  18:48  Spine Crawler  
  129  18:55  Overseer  
  129  18:56  Drone  
  129  18:57  Drone  
  129  19:16  Zergling x6  
  129  19:17  Zergling x2  
  129  19:20  Hydralisk Den  
  128  19:34  Overseer  
  128  19:39  Overseer  
  120  19:53  Drone  
  120  19:54  Drone x2  
  120  19:59  Drone x5  
  128  20:00  Mutalisk x4  
  128  20:01  Mutalisk x3  
  128  20:05  Hydralisk Den  
  140  20:24  Mutalisk x5  
  140  20:25  Mutalisk  
  148  20:39  Overseer  
  134  20:53  Overseer  
  126  20:57  Mutalisk x2  
  126  20:58  Mutalisk x3  
  126  21:01  Mutalisk  
  113  21:06  Hydralisk  
  106  21:26  Hatchery  
Show
View Real Time Build Order
Export as new Build Order

NastyNoob Zerg - Winner!

Build Orders: Hatch First, Lurkers 

Get SALT Encoding   

  12  0:00  Drone  
  13  0:12  Overlord  
  13  0:18  Drone  
  14  0:30  Drone  
  14  0:31  Drone  
  16  0:51  Hatchery  
  16  0:52  Drone  
  16  0:55  Drone  
  17  0:59  Drone  
  18  1:13  Spawning Pool  
  18  1:15  Extractor  
  18  1:18  Drone  
  17  1:21  Drone  
  18  1:28  Drone  
  19  1:38  Drone  
  20  1:49  Overlord  
  20  2:03  Queen  
  20  2:04  Queen, Zergling x2  
  20  2:05  Zergling x2  
  26  2:13  Drone x2  
  28  2:18  Metabolic Boost  
  28  2:21  Drone  
  29  2:25  Drone  
  30  2:34  Drone  
  30  2:36  Overlord  
  31  2:42  Queen  
  33  2:58  Drone x4  
  37  3:06  Drone  
  37  3:12  Hatchery  
  37  3:17  Drone, Overlord  
  37  3:18  Drone x3  
  37  3:19  Drone  
  42  3:26  Roach Warren  
  41  3:41  Drone x3  
  44  3:45  Drone x3, Evolution Chamber  
  44  3:47  Evolution Chamber  
  44  3:48  Drone x3  
  48  3:51  Extractor  
  48  3:52  Extractor, Drone  
  47  3:56  Zergling x2  
  47  3:57  Zergling x2  
  47  4:01  Extractor  
  48  4:03  Lair  
  48  4:09  Queen  
  48  4:11  Overlord  
  48  4:16  Zerg Missile Weapons Level 1  
  50  4:23  Drone x2  
  52  4:25  Drone x2  
  52  4:26  Drone x2  
  56  4:33  Drone x4  
  56  4:38  Drone  
  61  4:40  Drone x2  
  61  4:43  Zerg Ground Armor Level 1  
  63  4:49  Roach  
  65  4:54  Overlord  
  65  5:06  Roach x3  
  64  5:11  Spore Crawler  
  64  5:13  Spine Crawler, Roach  
  64  5:14  Spine Crawler, Roach x2  
  63  5:16  Roach  
  64  5:25  Roach x2  
  68  5:33  Overlord, Roach  
  68  5:34  Overlord, Roach  
  66  5:39  Roach x2  
  63  5:45  Roach  
  53  5:50  Roach  
  53  5:55  Roach  
  49  6:02  Roach  
  44  6:07  Roach  
  40  6:18  Roach x3  
  44  6:22  Drone  
  47  6:33  Drone  
  47  6:34  Queen  
  47  6:37  Glial Reconstitution  
  47  6:39  Roach  
  52  6:42  Drone  
  52  6:45  Drone  
  54  6:49  Drone x2  
  56  6:54  Drone  
  56  6:59  Ravager x2  
  56  7:00  Ravager x3  
  62  7:06  Drone  
  63  7:12  Drone  
  64  7:19  Drone  
  64  7:20  Drone x3  
  64  7:21  Drone  
  67  7:40  Roach x2  
  67  7:41  Roach x2  
  69  7:58  Zerg Missile Weapons Level 2  
  69  8:02  Drone x2  
  69  8:05  Drone  
  72  8:10  Hatchery, Zergling x6  
  72  8:11  Zergling x4  
  76  8:17  Roach x2  
  80  8:25  Roach  
  80  8:26  Roach  
  84  8:27  Overlord x2  
  84  8:31  Overseer  
  84  8:32  Overseer  
  75  8:43  Hatchery  
  75  8:47  Roach x2  
  75  8:48  Roach x3  
  77  8:57  Ravager  
  70  9:08  Roach x5  
  70  9:09  Roach x3  
  71  9:20  Roach x2  
  75  9:25  Drone, Queen  
  75  9:28  Drone  
  75  9:30  Hydralisk Den  
  76  9:37  Overseer  
  76  9:38  Overlord x2  
  74  9:40  Roach  
  62  9:55  Roach x3  
  62  9:56  Roach x3  
  62  10:10  Drone x6  
  62  10:11  Drone x2  
  62  10:13  Queen  
  70  10:23  Roach x3  
  70  10:28  Roach x2  
  80  10:34  Zerg Ground Armor Level 2  
  80  10:38  Drone x2  
  80  10:41  Extractor  
  80  10:42  Extractor, Drone x2  
  82  10:47  Roach x2  
  86  10:50  Roach  
  86  10:56  Roach x3  
  90  11:13  Roach  
  90  11:14  Roach x4  
  94  11:31  Roach x5  
  96  11:39  Overlord x7  
  86  11:47  Drone x3  
  86  11:48  Drone x2  
  86  11:49  Drone  
  86  11:50  Drone  
  86  11:53  Queen  
  91  11:59  Grooved Spines, Infestation Pit  
  90  12:07  Drone  
  93  12:08  Drone x4  
  93  12:09  Drone x2  
  93  12:10  Drone  
  98  12:20  Roach x2  
  98  12:21  Roach x3  
  106  12:36  Roach x6  
  106  12:37  Roach  
  110  12:39  Overseer  
  110  12:40  Overseer  
  110  12:41  Overlord x2  
  110  12:52  Extractor  
  110  12:54  Extractor  
  110  12:56  Roach x4  
  116  13:02  Drone, Overlord x3  
  116  13:03  Lurker Den  
  116  13:06  Swarm Host  
  113  13:20  Roach  
  113  13:21  Roach x7  
  127  13:36  Roach x2  
  127  13:37  Roach x8  
  131  13:44  Hydralisk  
  131  13:45  Hydralisk x3  
  139  13:52  Hydralisk  
  139  13:53  Hydralisk x2  
  145  14:03  Hydralisk  
  145  14:04  Hydralisk x2  
  151  14:10  Hive  
  151  14:13  Lurker x3  
  151  14:15  Lurker  
  155  14:27  Roach  
  155  14:28  Hydralisk x4  
  165  14:40  Drone x4  
  165  14:43  Spore Crawler  
  132  15:16  Hydralisk x9  
  144  15:26  Lurker x3  
  144  15:27  Lurker x2  
  147  15:31  Roach x6  
  159  15:40  Adaptive Talons  
  159  15:49  Roach x5  
  166  15:58  Hatchery  
  166  16:00  Roach x3  
  171  16:07  Zerg Missile Weapons Level 3  
  155  16:39  Extractor  
  148  16:46  Hydralisk  
  148  16:47  Hydralisk x7  
  123  16:48  Hydralisk  
  135  16:59  Lurker x4  
  129  17:05  Roach x3  
  135  17:21  Drone x4  
  135  17:22  Drone x7  
  140  17:45  Roach  
  140  17:46  Roach x7  
  156  17:58  Hydralisk x4  
  161  18:08  Lurker x4  
  165  18:17  Hydralisk x3  
  169  18:26  Hydralisk x2  
  165  18:29  Roach x2  
  171  18:59  Roach  
  171  19:00  Roach x10  
  171  19:01  Roach  
  165  19:10  Extractor  
  164  19:17  Roach x4  
  164  19:26  Overseer x3  
  164  19:28  Overlord x4  
  142  19:33  Roach x2  
  142  19:34  Roach  
  145  19:48  Zergling x2  
  145  19:49  Zergling x2  
  147  19:54  Queen  
  149  20:08  Roach  
  149  20:09  Roach x6  
  162  20:23  Lurker  
  162  20:24  Lurker x4  
  162  20:26  Hatchery  
  162  20:27  Hydralisk  
Show
View Real Time Build Order
Export as new Build Order

Massa Terran 

Build Orders: 2 Factory 

Get SALT Encoding   

  12  0:00  SCV  
  13  0:12  SCV  
  14  0:23  Supply Depot  
  14  0:24  SCV  
  15  0:43  Refinery  
  15  0:45  SCV  
  15  0:46  Barracks  
  16  0:57  SCV  
  17  1:09  SCV  
  18  1:21  SCV  
  19  1:33  SCV  
  19  1:37  Command Center  
  20  1:45  Barracks Tech Lab  
  20  1:51  Orbital Command  
  20  2:03  Factory, Marine  
  21  2:17  SCV  
  21  2:21  Marine  
  23  2:34  Refinery  
  23  2:40  Factory  
  23  2:55  Orbital Command  
  23  3:00  Supply Depot  
  23  3:04  Supply Depot  
  23  3:05  Hellion  
  25  3:07  Infernal Pre-Igniter  
  25  3:23  Factory Reactor  
  25  3:26  Hellion  
  27  3:30  Marine  
  27  3:31  SCV x2  
  30  3:40  Supply Depot  
  30  3:42  Engineering Bay  
  30  3:43  SCV x2  
  32  3:51  Barracks Tech Lab  
  32  3:53  Hellion  
  34  3:55  SCV x2  
  34  4:00  Hellion  
  34  4:01  Hellion  
  40  4:07  SCV  
  40  4:08  SCV  
  42  4:12  Stimpack  
  42  4:15  Hellion  
  44  4:20  SCV x2  
  44  4:22  Hellion x2  
  50  4:32  SCV x2  
  50  4:36  Hellion  
  50  4:37  Marine  
  55  4:42  Starport, Missile Turret  
  55  4:43  Hellion x2  
  59  4:47  Missile Turret  
  59  5:20  Hellion  
  61  5:32  Supply Depot  
  61  5:33  Supply Depot  
  61  5:34  Supply Depot  
  61  5:35  Supply Depot  
  61  5:37  Supply Depot  
  61  5:38  Hellion  
  61  5:47  Hellion  
  61  5:49  Liberator  
  62  5:54  Hellion  
  52  6:08  Widow Mine  
  52  6:09  Hellion  
  52  6:10  Marine  
  57  6:13  SCV x2  
  57  6:15  Refinery  
  57  6:16  Widow Mine, Refinery  
  57  6:17  Missile Turret  
  61  6:25  SCV  
  62  6:27  Barracks  
  62  6:28  Barracks, Marine, Terran Infantry Weapons Level 1  
  62  6:29  Barracks  
  62  6:30  Widow Mine x2  
  62  6:31  Barracks  
  67  6:45  Marine  
  68  6:52  Starport Reactor  
  68  6:54  Widow Mine  
  68  6:55  Widow Mine x2  
  74  7:01  Combat Shield  
  74  7:03  Marine  
  75  7:16  Widow Mine x2  
  75  7:21  Marine  
  72  7:39  Marine  
  72  7:43  Marine x4  
  72  7:57  Marauder  
  73  8:01  Marine x4  
  79  8:06  Widow Mine x3  
  79  8:07  Medivac x2  
  87  8:18  Marine x2  
  87  8:19  Marauder, Marine x2  
  95  8:27  Widow Mine x3  
  99  8:34  Armory  
  99  8:36  Terran Infantry Armor Level 1, Marine x2  
  99  8:37  Engineering Bay  
  99  8:40  Barracks Reactor  
  99  8:41  Barracks Reactor  
  101  8:43  Marauder  
  101  8:44  Medivac  
  101  8:48  Supply Depot  
  101  8:50  Supply Depot  
  101  8:51  Supply Depot x2  
  101  8:53  Medivac  
  102  9:09  Marine  
  102  9:10  Widow Mine  
  94  9:46  Marauder, Marine  
  79  9:57  Marine x5  
  78  10:04  Marine  
  79  10:07  Marauder  
  81  10:14  Marine  
  81  10:15  Widow Mine x3, Marine x4  
  88  10:22  Marine  
  79  10:29  Marauder  
  79  10:32  Marine  
  79  10:33  Marine x4  
  86  10:39  Marine  
  86  10:42  Medivac x2  
  86  10:47  Widow Mine x3  
  87  10:50  Marauder, Marine  
  90  11:04  Command Center  
  90  11:11  Marauder, Marine  
  90  11:12  Marine x5, Medivac x2  
  90  11:14  Terran Infantry Weapons Level 2  
  100  11:29  Marine x2  
  104  11:33  Marauder  
  104  11:42  Medivac  
  105  12:06  Marauder, Marine x3  
  105  12:07  Marine  
  112  12:09  Barracks Reactor  
  112  12:11  Barracks Tech Lab  
  111  12:16  Widow Mine x2  
  111  12:17  Widow Mine  
  111  12:22  SCV  
  118  12:23  SCV  
  118  12:24  Marine x4  
  118  12:27  Marauder  
  116  12:34  SCV  
  116  12:35  SCV  
  104  12:38  Widow Mine x2  
  104  12:42  Marine  
  109  12:46  SCV  
  109  12:47  SCV  
  109  12:49  Widow Mine, Orbital Command, Marauder  
  115  12:58  SCV  
  115  12:59  Widow Mine x2, SCV  
  121  13:06  Drilling Claws  
  121  13:08  Command Center  
  121  13:10  SCV, Marauder  
  121  13:11  SCV  
  123  13:23  SCV x2  
  123  13:32  Marauder  
  116  13:35  SCV  
  95  13:47  Marine  
  95  13:48  Marauder, Marine x5  
  102  13:52  Marine  
  102  13:54  Widow Mine x3  
  110  14:01  Refinery  
  110  14:02  Refinery  
  110  14:05  Marine  
  110  14:06  Marine x5  
  110  14:09  Marauder  
  118  14:11  Marauder, Missile Turret  
  118  14:15  Widow Mine x2  
  124  14:21  Thor  
  124  14:23  Marine x3  
  133  14:29  SCV x3  
  133  14:30  Marauder  
  138  14:41  SCV x3  
  141  14:53  SCV x2  
  141  14:54  SCV  
  120  15:04  Thor  
  120  15:05  SCV  
  114  15:19  Marauder  
  114  15:20  Marauder, Marine x6  
  123  15:22  Widow Mine x2  
  123  15:24  Medivac x2  
  123  15:26  Planetary Fortress  
  131  15:29  SCV x3  
  134  15:38  Marine x6  
  134  15:41  SCV, Marauder x2  
  145  15:43  Widow Mine x2  
  145  15:46  Command Center  
  145  15:47  Widow Mine  
  151  15:54  Medivac  
  151  15:55  Marine  
  151  15:56  Marine x5  
  157  16:02  Marauder  
  157  16:03  Marauder  
  160  16:07  Missile Turret  
  160  16:09  Missile Turret  
  160  16:11  Missile Turret  
  160  16:13  Marine  
  160  16:14  Marine x3  
  164  16:20  Marine x2  
  164  16:23  Marauder  
  164  16:25  Marauder  
  164  16:26  Medivac x2  
  164  16:31  Marine  
  164  16:32  Marine x3  
  148  16:38  Marine x2  
  143  16:45  Marauder  
  138  16:47  Marauder  
  138  16:49  Marine x4  
  139  16:56  Marine, Medivac x2  
  128  17:06  Marauder  
  120  17:13  Marauder, Marine x2  
  120  17:14  Marine  
  93  17:28  Marauder  
  81  17:34  Marauder  
  62  17:41  Refinery  
  62  17:43  Marine  
  62  17:44  Refinery, Marine x5  
  63  17:45  Siege Tank  
  63  17:46  Widow Mine  
  63  17:47  Widow Mine  
  63  17:49  Marauder  
  77  17:51  Barracks  
  77  17:55  Marauder  
  79  18:01  Marine  
  79  18:02  Marine x5  
  85  18:08  Widow Mine x2  
  85  18:10  Marauder  
  81  18:17  Marauder  
  81  18:18  Widow Mine  
  81  18:19  Marine  
  77  18:20  Marine x5  
  77  18:29  Widow Mine  
  77  18:30  Widow Mine  
  77  18:32  Marauder  
  77  18:37  Marine x6  
  77  18:38  Marauder  
  77  18:39  Widow Mine  
  88  18:51  Widow Mine x2, Barracks Tech Lab  
  88  18:53  Marine  
  88  18:55  Marine x3  
  93  18:59  Marine  
  93  19:01  Widow Mine  
  98  19:11  Marauder  
  100  19:17  Marauder  
  100  19:22  Widow Mine  
  104  19:48  Orbital Command  
  104  20:14  SCV  
  104  20:15  SCV  
  106  20:26  SCV  
  107  20:29  Orbital Command  
  107  20:32  Missile Turret  
  90  20:55  SCV  
  91  21:07  SCV  
Show
View Real Time Build Order
Export as new Build Order

qqq Zerg 

Build Orders: Hatch First, Lurkers 

Get SALT Encoding   

  12  0:00  Drone  
  13  0:08  Drone  
  14  0:22  Overlord  
  14  0:51  Hatchery  
  14  0:54  Drone x2  
  14  0:55  Drone  
  16  1:14  Spawning Pool  
  16  1:16  Drone  
  16  1:20  Drone  
  17  1:29  Extractor  
  17  1:30  Drone  
  17  1:38  Drone  
  19  1:54  Drone  
  19  2:01  Queen  
  19  2:03  Drone  
  19  2:04  Drone  
  19  2:05  Queen  
  25  2:15  Drone  
  26  2:16  Drone  
  26  2:26  Overlord  
  26  2:27  Zergling x2  
  27  2:31  Metabolic Boost  
  27  2:41  Drone  
  28  2:44  Overlord x2  
  28  2:51  Drone  
  29  2:54  Zergling x2  
  30  3:06  Zergling x2  
  30  3:07  Zergling x2  
  30  3:09  Zergling x2  
  33  3:15  Zergling x2  
  34  3:20  Zergling x2  
  34  3:21  Zergling x4  
  34  3:23  Zergling x2  
  34  3:25  Zergling x2  
  34  3:26  Zergling x2  
  40  3:35  Zergling x2  
  41  3:48  Zergling x8  
  42  3:50  Drone, Zergling x2  
  42  3:51  Zergling x2  
  48  3:57  Zergling x2  
  50  4:10  Zergling x2  
  50  4:23  Zergling x2  
  51  4:25  Zergling x2  
  51  4:26  Overlord x2  
  51  4:28  Hatchery  
  51  4:32  Lair  
  51  4:37  Zergling x2  
  51  4:38  Overlord  
  52  4:41  Overlord  
  52  4:43  Hatchery  
  51  4:53  Zergling x4  
  51  4:54  Drone, Zergling x4  
  56  5:14  Zergling x6  
  56  5:15  Zergling x8  
  56  5:16  Zergling x2  
  61  5:33  Zergling x4  
  61  5:34  Zergling x4  
  55  5:44  Drone  
  55  5:45  Drone, Zergling x2  
  55  5:48  Queen x2  
  60  5:53  Zergling x4  
  60  5:54  Zergling x8  
  60  5:55  Zergling x2  
  48  6:23  Spore Crawler  
  48  6:24  Spore Crawler  
  43  6:31  Extractor, Drone x3  
  43  6:32  Drone x3, Spore Crawler  
  45  6:33  Spore Crawler  
  45  6:34  Queen  
  45  6:39  Spore Crawler  
  44  6:45  Spore Crawler  
  43  6:53  Drone x6  
  49  6:55  Drone  
  50  7:02  Spore Crawler  
  46  7:09  Drone x4  
  46  7:10  Drone  
  45  7:25  Spore Crawler  
  45  7:28  Zergling x6  
  45  7:29  Zergling x8  
  42  7:46  Zergling x2  
  42  7:47  Zergling x6  
  46  7:54  Drone, Hydralisk Den  
  46  7:55  Drone x3, Spore Crawler  
  46  7:56  Drone  
  46  7:57  Drone  
  50  7:59  Drone  
  50  8:04  Zergling x2  
  50  8:05  Drone  
  53  8:08  Drone  
  53  8:12  Drone  
  55  8:17  Queen  
  53  8:23  Spore Crawler  
  53  8:26  Drone x3, Spore Crawler  
  53  8:27  Drone  
  55  8:34  Hydralisk, Muscular Augments  
  55  8:37  Hydralisk  
  55  8:39  Drone  
  48  8:51  Spine Crawler  
  48  8:52  Drone x2  
  48  8:54  Spine Crawler  
  46  8:59  Hydralisk x2  
  46  9:01  Drone  
  50  9:08  Hydralisk x2  
  52  9:10  Drone  
  52  9:12  Drone  
  53  9:20  Drone x4  
  56  9:33  Hydralisk, Evolution Chamber  
  56  9:35  Hydralisk, Evolution Chamber  
  58  9:38  Hydralisk  
  58  9:45  Grooved Spines  
  60  9:57  Hydralisk  
  58  10:11  Hydralisk  
  58  10:13  Drone  
  58  10:14  Drone x8  
  63  10:17  Extractor  
  63  10:18  Extractor  
  63  10:20  Spore Crawler  
  64  10:26  Drone x3  
  64  10:27  Hydralisk  
  65  10:29  Overlord x3  
  61  10:38  Hatchery  
  61  10:39  Zergling x6  
  61  10:40  Zergling x6  
  66  10:45  Zerg Missile Weapons Level 1  
  66  10:50  Drone  
  66  10:53  Zergling x4  
  66  10:54  Zergling x4  
  66  10:55  Drone x5  
  76  11:03  Drone  
  76  11:11  Zergling x2  
  76  11:19  Lurker Den  
  76  11:24  Hydralisk  
  49  11:40  Hydralisk x2  
  49  11:42  Drone x6  
  49  11:43  Drone x5  
  64  11:51  Hydralisk  
  64  11:53  Drone  
  67  11:56  Extractor  
  67  11:58  Extractor  
  67  12:00  Spine Crawler  
  64  12:02  Drone, Spine Crawler  
  64  12:03  Drone x3  
  64  12:04  Extractor  
  66  12:11  Drone  
  66  12:12  Drone x2, Hydralisk x3  
  75  12:15  Zergling x2  
  75  12:22  Queen  
  78  12:24  Drone x3  
  78  12:28  Lurker x3  
  83  12:35  Hydralisk  
  83  12:36  Hydralisk  
  87  12:37  Drone x4  
  87  12:38  Drone  
  87  12:42  Hydralisk  
  87  12:44  Hydralisk  
  94  12:47  Zergling x8  
  100  12:59  Infestation Pit  
  100  13:00  Hydralisk  
  100  13:02  Zergling x6  
  100  13:04  Zergling x10  
  83  13:42  Lurker x3  
  83  13:43  Zergling x2  
  83  13:44  Zergling x14  
  83  13:45  Drone x3, Zergling x2  
  83  13:46  Drone x5  
  103  13:52  Hydralisk x3  
  103  13:53  Drone  
  109  13:58  Extractor  
  108  14:12  Drone x2  
  108  14:14  Overlord x7  
  108  14:15  Overlord x3  
  110  14:17  Hive  
  110  14:19  Zerg Ground Armor Level 1  
  110  14:27  Overlord x2  
  110  14:28  Overlord  
  110  14:33  Evolution Chamber  
  108  14:54  Hydralisk x5  
  108  14:55  Hydralisk x5  
  108  14:57  Drone x6  
  116  15:26  Lurker x5  
  116  15:27  Lurker x2  
  111  15:30  Drone x2  
  111  15:31  Drone x4  
  117  15:51  Drone x2  
  117  15:56  Hatchery, Seismic Spines  
  118  15:58  Zerg Missile Weapons Level 2  
  118  16:04  Hydralisk x2  
  118  16:05  Hydralisk x2  
  125  16:11  Hatchery  
  125  16:13  Hydralisk x3  
  125  16:14  Zerg Melee Weapons Level 1  
  129  16:27  Spore Crawler  
  129  16:29  Spore Crawler  
  129  16:31  Spore Crawler  
  107  16:37  Hatchery  
  103  16:53  Adaptive Talons  
  95  17:01  Overseer x2  
  81  17:02  Pneumatized Carapace, Hydralisk  
  81  17:03  Hydralisk x8  
  88  17:08  Ultralisk Cavern  
  88  17:15  Drone x5  
  89  17:16  Drone, Hydralisk x3  
  97  17:32  Spore Crawler x2  
  97  17:33  Spore Crawler  
  94  17:40  Hydralisk x4  
  94  17:41  Hydralisk x2  
  94  17:42  Drone x3  
  94  17:43  Drone  
  94  17:49  Hydralisk x3  
  94  17:50  Hydralisk x2  
  94  17:51  Hydralisk  
  79  18:06  Drone x2  
  79  18:07  Drone  
  79  18:08  Spire  
  79  18:10  Spore Crawler  
  79  18:11  Spore Crawler  
  77  18:13  Drone x3, Spine Crawler, Spore Crawler  
  77  18:19  Spine Crawler, Lurker x5  
  80  18:21  Drone x3  
  80  18:23  Spine Crawler, Burrow  
  82  18:27  Spine Crawler  
  79  18:46  Ultralisk  
  75  19:04  Hydralisk x2  
  75  19:05  Hydralisk x4  
  55  19:29  Hydralisk x2  
  55  19:30  Hydralisk  
  63  19:31  Drone x3  
  64  19:44  Zergling x8  
  64  19:45  Zergling x4  
  70  19:48  Lurker  
  70  19:50  Zergling x8  
  70  19:51  Zergling x6  
  70  19:52  Drone  
  79  20:03  Zergling x12  
  85  20:20  Hatchery  
  78  20:24  Lurker  
  78  20:25  Lurker  
  80  20:33  Hatchery  
  78  20:36  Hydralisk x3  
  55  21:05  Hydralisk  
Tags
 
Add a new tag
Caveats
  • Supply blocks, unpowered buildings, or Contaminate may cause inaccurate times.
  • Supply counts are checked every 10 seconds.